Selects Luftwaffe Battlegroup
Selects Luftwaffe Pioneer Support
Fallschirmpioneer Squad Paradrop
Construct Infanterie Kompanie
Fallschirmpioneer Squad Paradrop
Selects Stuka Strafing Run
Construct Luftwaffe Kompanie
Selects Fallschirmjäger Squad Paradrop
Selects LG40 Recoilless Gun Paradrop
Fallschirmjäger Squad Paradrop
Marder III M Tank Destroyer
Fallschirmpioneer Squad Paradrop
Selects Infantry Reserves
Fallschirmjäger Squad Paradrop
Marder III M Tank Destroyer